AoeStats
← rubBen

Black Forest

510567685Analyzed
4v4 RM · 2d ago on Oct 1, 2026· 62m 15s· 8 players
Game mode
Random Map
Map size
Large (8 player)
Population
200
Speed
Normal
Resources
Standard
Victory
Conquest
Starting age
Dark Age
Ending age
Imperial Age
RankedLock teamsTeams togetherTeam positionsShared explorationLock speedFull tech treeHidden civsTurbo modeCheats
Victory
Defeat
🇸🇪 Vikings · Sweden
923
+15
🇷🇴 Japanese · Romania
882
+17
🇨🇳 Japanese · China
799
+20
🇸🇪 Varangians · Sweden
789
+20
🇪🇸 Koreans · Spain
1006
-23
🇪🇸 Goths · Spain
995
-22
🇪🇸 Celts · Spain
798
-14
🇪🇸 Bohemians · Spain
772
-13
rompii88
3:46 Loom
15:41 Feudal Age
21:11 Castle Age
21:10 Wheelbarrow
20:56 Double-Bit Axe
34:32 Vendel Legacy
gädda
7:23 Loom
13:08 Feudal Age
13:45 Double-Bit Axe
13:42 Horse Collar
20:09 Castle Age
19:43 Gold Mining
19:44 Stone Mining
21:48 Gold Shaft Mining
21:34 Bow Saw
23:19 Heavy Plow
35:22 Imperial Age
32:39 Town Watch
33:37 Forging
33:27 Scale Mail Armor
34:03 Town Patrol
34:16 Chieftains
34:08 Arson
34:24 Squires
35:22 Elite Berserk
36:26 Conscription
36:17 Siege Engineers
36:34 Caravan
37:25 Iron Casting
37:05 Chain Mail Armor
36:22 Capped Ram
37:00 Elite Varangian Guard
37:16 Siege Ram
39:38 Blast Furnace
45:43 Plate Mail Armor
52:11 Fortified Wall
53:15 Crop Rotation
TheOther
0:55 Loom
14:27 Feudal Age
15:49 Wheelbarrow
15:01 Double-Bit Axe
14:59 Horse Collar
19:58 Castle Age
19:05 Man-at-Arms
20:05 Forging
19:58 Scale Mail Armor
21:04 Bow Saw
21:29 Long Swordsman
21:56 Gambesons
24:41 Squires
26:24 Treadmill Crane
28:12 Heavy Plow
29:55 Yasama
33:40 Imperial Age
32:32 Iron Casting
32:28 Hand Cart
32:15 Gold Mining
32:24 Stone Mining
33:36 Gold Shaft Mining
33:51 Fletching
34:18 Chain Mail Armor
34:14 Pikeman
34:17 Two-Handed Swordsman
34:44 Arson
35:42 Redemption
35:50 Block Printing
35:56 Sanctity
35:47 Fervor
36:00 Conscription
35:37 Guard Tower
35:56 Halberdier
37:08 Ballistics
37:53 Kataparuto
38:55 Bodkin Arrow
40:01 Blast Furnace
39:32 Plate Mail Armor
40:46 Chemistry
40:59 Arrowslits
46:36 Keep
47:22 Bracer
47:34 Masonry
47:24 Champion
55:17 Siege Engineers
冢本义男
3:38 Loom
17:22 Feudal Age
21:33 Man-at-Arms
26:51 Castle Age
28:20 Wheelbarrow
28:38 Fletching
28:50 Scale Mail Armor
29:50 Long Swordsman
31:58 Forging
38:41 Guard Tower
39:44 Pikeman
40:30 Murder Holes
40:50 Gambesons
40:51 Arson
41:04 Arson
44:47 Double-Bit Axe
46:38 Bodkin Arrow
52:55 Horse Collar
54:54 Heavy Plow
57:14 Iron Casting
56:54 Chain Mail Armor
58:42 Crossbowman
60:33 Padded Archer Armor
60:15 Crossbowman
rubBen
1:48 Loom
12:40 Feudal Age
16:26 Castle Age
14:22 Double-Bit Axe
18:00 Horse Collar
26:15 Gold Mining
26:15 Stone Mining
26:40 Bow Saw
26:33 Heavy Plow
26:57 Fletching
27:14 Scale Barding Armor
28:11 Gold Shaft Mining
28:11 Stone Shaft Mining
32:13 Imperial Age
30:16 Ballistics
30:01 Treadmill Crane
32:46 Bodkin Arrow
33:12 Chain Barding Armor
32:18 Elite War Wagon
33:23 Shinkichon
34:22 Chemistry
34:59 Two-Man Saw
34:40 Conscription
34:52 Husbandry
37:09 Siege Engineers
38:56 Bracer
39:06 Forging
38:58 Scale Mail Armor
42:14 Iron Casting
41:54 Chain Mail Armor
43:30 Light Cavalry
44:31 Hussar
46:25 Plate Mail Armor
minipabloz
0:32 Loom
14:30 Feudal Age
22:11 Double-Bit Axe
26:24 Castle Age
27:39 Bow Saw
39:03 Imperial Age
38:04 Wheelbarrow
39:25 Hand Cart
41:04 Chemistry
54:47 Two-Man Saw
Krau
6:17 Loom
11:54 Feudal Age
16:17 Castle Age
14:10 Double-Bit Axe
24:22 Wheelbarrow
24:57 Horse Collar
25:29 Bow Saw
25:49 Town Watch
26:56 Hand Cart
27:50 Town Patrol
30:50 Imperial Age
29:49 Forging
29:39 Scale Mail Armor
30:28 Stone Mining
30:28 Gold Mining
31:25 Heavy Plow
31:32 Gold Mining
32:22 Stone Shaft Mining
32:25 Iron Casting
32:05 Chain Mail Armor
31:24 Man-at-Arms
32:04 Squires
31:26 Pikeman
31:55 Treadmill Crane
33:16 Chemistry
32:27 Masonry
33:22 Two-Man Saw
32:55 Crop Rotation
32:12 Long Swordsman
33:15 Two-Handed Swordsman
33:17 Halberdier
jedoar
0:28 Loom
15:27 Feudal Age
17:14 Double-Bit Axe
18:41 Horse Collar
23:27 Castle Age
24:35 Bow Saw
40:09 Imperial Age
38:09 Stronghold
38:32 Heavy Plow
38:38 Murder Holes
39:33 Caravan
40:04 Coinage
40:58 Wheelbarrow
40:59 Forging
41:14 Ballistics
41:38 Conscription
41:48 Fletching
42:12 Sappers
42:58 Stone Mining
44:58 Onager
47:13 Furor Celtica
47:39 Hoardings
51:36 Banking
51:17 Guilds
50:51 Siege Onager
52:24 Heavy Scorpion
54:47 Hand Cart
54:18 Town Watch
Connection lost

Rejoining the realm…

Still unreachable

The connection could not be restored.

Session expired

The server has moved on; the page needs a fresh start.